cohdb
Replays
Latest Replays
All Replays
Popular Replays
Top Player Replays
Match Explorer
How It Works
Community
CoH3 Stats
Reddit
Sign in to upload your games and track your stats! →
Sign in with Steam
Match 40077411
Unlisted
Match 40077411
Overview
Messages
Build Orders
End
Kradschützen Motorcycle Team
Selects Panzerjäger Kommand Battlegroup
Selects Mine Fields
Panzerpioneer Squad
Construct Light Support Kompanie
Assault Grenadier Squad
MG34 Team
Assault Grenadier Squad
2.5-tonne Medical Truck
Selects Tank Busters
Construct Mechanized Kompanie
254 Reconnaissance Tractor
Panzerjäger Mechanized Group
Panzerjäger Squad
Construct Panzerarmee Kommand
Selects Crew Shock Tactics
Ismachu
MindfulRaptor
nispe
Particycles
506767261
janemba914
0
0
Comments
sign in to comment!
No comments posted yet!